[Event "Fagernes GM Swiss 2020"]
[Site "Fagernes"]
[Date "2020.10.04"]
[Round "1.3"]
[White "Kvaloy, Aksel Bu"]
[Black "Urkedal, Frode Olav Olsen"]
[Result "0-1"]
[ECO "C88"]
[WhiteElo "2174"]
[BlackElo "2549"]
[Annotator "ChessBase"]
[PlyCount "88"]
[EventDate "2020.10.04"]
[EventType "swiss"]
[EventCountry "NOR"]
[SourceTitle "playchess.com"]
[Source "ChessBase"]
[SourceQuality "1"]
[TimeControl "40/6000+30:2400+30"]

1. e4 e5 2. Nf3 Nc6 3. Bb5 a6 4. Ba4 Nf6 5. O-O Be7 6. Re1 b5 7. Bb3 O-O 8. a4 Bb7 9. d3 d6 10. c3 Nd7 11. a5 Bf6 12. Nbd2 Ne7 13. Nf1 c5 14. Ng3 Nc6 15. Nf5 Nxa5 16. Nxd6 Nxb3 17. Nxb7 Qc7 18. Qxb3 Qxb7 19. d4 exd4 20. e5 Be7 21. cxd4 c4 22. Qc2 Qd5 23. Bg5 Bb4 24. Re4 Rfe8 25. Rh4 Nf8 26. Be3 a5 27. Rh3 Ra6 28. Ng5 h6 29. Ne4 f5 30. Ng3 f4 31. Bxf4 Qxd4 32. Nh5 Rg6 33. Rd1 Qb6 34. Be3 Qc6 35. f4 Bc5 36. Bxc5 Qxc5+ 37. Kh1 a4 38. Rd7 Qc6 39. Ra7 Rd8 40. Rg3 Rxg3 41. hxg3 Rd7 42. Rxd7 Qxd7 43. Kg1 Qd3 44. Qc1 Qe2 0-1

[Event "Fagernes GM Swiss 2020"]
[Site "Fagernes"]
[Date "2020.10.04"]
[Round "1.4"]
[White "Miezis, Normunds"]
[Black "Fossan, Aleksander"]
[Result "1-0"]
[ECO "A21"]
[WhiteElo "2485"]
[BlackElo "2171"]
[Annotator "ChessBase"]
[PlyCount "73"]
[EventDate "2020.10.04"]
[EventType "swiss"]
[EventCountry "NOR"]
[SourceTitle "playchess.com"]
[Source "ChessBase"]
[SourceQuality "1"]
[TimeControl "40/6000+30:2400+30"]

1. c4 e5 2. Nc3 d6 3. g3 f5 4. d4 Be7 5. Bg2 c6 6. b3 Nf6 7. Bb2 O-O 8. e3 Na6 9. Nge2 Qe8 10. O-O e4 11. d5 c5 12. Nb5 Bd7 13. a4 Qf7 14. Qd2 Nb4 15. f3 a6 16. Nc7 Rac8 17. Ne6 Bxe6 18. dxe6 Qxe6 19. Nf4 Qd7 20. Rad1 exf3 21. Bxf3 Ne4 22. Bxe4 fxe4 23. Nd5 Nd3 24. Nb6 Qg4 25. Nxc8 Rxc8 26. Kg2 h5 27. h3 Qg6 28. Kh2 d5 29. cxd5 Bd6 30. Rf4 Bxf4 31. gxf4 Rc7 32. Rg1 Qb6 33. Be5 Rd7 34. Qg2 Qh6 35. Qxe4 Nb4 36. Rg6 Qh7 37. Qf5 1-0

[Event "Fagernes GM Swiss 2020"]
[Site "Fagernes"]
[Date "2020.10.04"]
[Round "1.5"]
[White "Brodtkorb, Lars Johan"]
[Black "Notkevich, Benjamin Arvola"]
[Result "0-1"]
[ECO "E20"]
[WhiteElo "2166"]
[BlackElo "2482"]
[Annotator "ChessBase"]
[PlyCount "66"]
[EventDate "2020.10.04"]
[EventType "swiss"]
[EventCountry "NOR"]
[SourceTitle "playchess.com"]
[Source "ChessBase"]
[SourceQuality "1"]
[TimeControl "40/6000+30:2400+30"]

1. d4 Nf6 2. c4 e6 3. Nc3 Bb4 4. f3 c5 5. d5 b5 6. e4 O-O 7. e5 Ne8 8. f4 exd5 9. cxd5 d6 10. Nf3 c4 11. a4 Nd7 12. Be2 Qb6 13. axb5 dxe5 14. fxe5 Nc7 15. Qd4 Qxd4 16. Nxd4 Nxd5 17. Bf3 Bb7 18. Nc6 Nxc3 19. Bd2 Nxe5 20. Nxe5 Bxf3 21. Nxf3 Rfe8+ 22. Kf1 Nd5 23. Bxb4 Nxb4 24. Ra4 Nd3 25. Rxc4 Rab8 26. Rd4 Nxb2 27. Rd5 Na4 28. Kf2 Nc3 29. Rd7 Ne4+ 30. Kf1 Rxb5 31. Rxa7 Rb1+ 32. Ne1 Ng3+ 33. hxg3 Rbxe1+ 0-1

[Event "Fagernes GM Swiss 2020"]
[Site "Fagernes"]
[Date "2020.10.04"]
[Round "1.6"]
[White "Haug, Johannes"]
[Black "Royset, Pal"]
[Result "1-0"]
[ECO "D90"]
[WhiteElo "2481"]
[BlackElo "2150"]
[Annotator "ChessBase"]
[PlyCount "111"]
[EventDate "2020.10.04"]
[EventType "swiss"]
[EventCountry "NOR"]
[SourceTitle "playchess.com"]
[Source "ChessBase"]
[SourceQuality "1"]
[TimeControl "40/6000+30:2400+30"]

1. Nf3 Nf6 2. c4 c6 3. Nc3 d5 4. d4 g6 5. cxd5 cxd5 6. Bf4 Bg7 7. h3 Nc6 8. Qb3 O-O 9. e3 a6 10. Be2 e6 11. O-O b5 12. Rfc1 Bb7 13. Ne5 Na5 14. Qd1 Qe7 15. Nd3 Rfc8 16. Nc5 Nd7 17. Nxb7 Nxb7 18. a4 b4 19. Na2 a5 20. Rxc8+ Rxc8 21. Rc1 Rxc1 22. Nxc1 g5 23. Bc7 Ndc5 24. Bh2 Ne4 25. Qc2 Bf8 26. Nb3 Qd8 27. Qc7 Qxc7 28. Bxc7 Bd6 29. Bb6 Be7 30. Nxa5 Nxa5 31. Bxa5 Nd2 32. Bc7 Nc4 33. a5 Bd6 34. Bxd6 Nxd6 35. Kf1 Kf8 36. Ke1 Ke7 37. Kd2 Kd7 38. Kc2 Kc6 39. Kb3 f6 40. Kxb4 e5 41. Bd3 h5 42. Ka4 e4 43. Be2 h4 44. b4 f5 45. b5+ Kb7 46. Kb4 f4 47. exf4 gxf4 48. Kc5 Nf5 49. Kxd5 e3 50. Ke4 Nd6+ 51. Kxf4 exf2 52. Ke3 Nf5+ 53. Kxf2 Nxd4 54. Bd3 Nb3 55. a6+ Kb6 56. Kf3 1-0

[Event "Fagernes GM Swiss 2020"]
[Site "Fagernes"]
[Date "2020.10.04"]
[Round "1.7"]
[White "Unneland, Mathias"]
[Black "Haldorsen, Benjamin"]
[Result "0-1"]
[ECO "B15"]
[WhiteElo "2149"]
[BlackElo "2469"]
[Annotator "ChessBase"]
[PlyCount "144"]
[EventDate "2020.10.04"]
[EventType "swiss"]
[EventCountry "NOR"]
[SourceTitle "playchess.com"]
[Source "ChessBase"]
[SourceQuality "1"]
[TimeControl "40/6000+30:2400+30"]

1. d4 g6 2. e4 Bg7 3. Nc3 c6 4. Nf3 d5 5. e5 f6 6. Bd3 Bg4 7. exf6 exf6 8. O-O Ne7 9. h3 Bf5 10. Re1 Bxd3 11. Qxd3 Na6 12. Ne2 Qd7 13. Nf4 Nc7 14. Qa3 Kf7 15. g4 Rhe8 16. Bd2 Nb5 17. Qd3 Ng8 18. g5 Qf5 19. Qxf5 gxf5 20. Nd3 Rxe1+ 21. Rxe1 Re8 22. Rxe8 Kxe8 23. c3 Nc7 24. Nf4 fxg5 25. Nxg5 Nf6 26. Nfe6 Nxe6 27. Nxe6 Bf8 28. Nxf8 Kxf8 29. f3 Kf7 30. Bf4 Nh5 31. Be5 Kg6 32. h4 f4 33. Bb8 a6 34. Kg2 Kf5 35. Bc7 Ng7 36. Kh3 b5 37. b4 Ne6 38. Bb6 Nf8 39. Bc5 Nd7 40. Ba7 Nf6 41. Bb8 Nh5 42. Kg2 Ng7 43. Be5 Ne6 44. Bd6 Kg6 45. Kh3 h5 46. Be5 Kf7 47. Bd6 Ke8 48. Be5 Kd7 49. Bb8 Kc8 50. Bd6 Kb7 51. Be5 a5 52. a3 a4 53. Bd6 Kc8 54. Kg2 Kd7 55. Bb8 Ke7 56. Be5 Kf7 57. Bd6 Kf6 58. Be5+ Kf5 59. Bd6 Nd8 60. Bc7 Nf7 61. Kh3 Nh8 62. Bb8 Ng6 63. Bd6 Ke6 64. Bc7 Kd7 65. Bb8 Kc8 66. Bd6 Kd8 67. Bc5 Kc7 68. Ba7 Ne7 69. Bc5 Nf5 70. Bf8 Kd7 71. Kg2 Ne3+ 72. Kf2 Ke6 0-1

[Event "Fagernes GM Swiss 2020"]
[Site "Fagernes"]
[Date "2020.10.04"]
[Round "1.8"]
[White "Holm, Kristian Stuvik"]
[Black "Nilsen, Tobias Lang"]
[Result "1-0"]
[ECO "A13"]
[WhiteElo "2465"]
[BlackElo "2146"]
[Annotator "ChessBase"]
[PlyCount "77"]
[EventDate "2020.10.04"]
[EventType "swiss"]
[EventCountry "NOR"]
[SourceTitle "playchess.com"]
[Source "ChessBase"]
[SourceQuality "1"]
[TimeControl "40/6000+30:2400+30"]

1. c4 e6 2. g3 d5 3. Bg2 Nf6 4. Nf3 dxc4 5. Qa4+ Nbd7 6. Qxc4 a6 7. Qc2 c5 8. Nc3 Ra7 9. O-O Be7 10. d4 b5 11. dxc5 Bxc5 12. Ng5 Qc7 13. Qb3 O-O 14. Nce4 Nxe4 15. Nxe4 Bb6 16. Bf4 e5 17. Rac1 Qb8 18. Be3 Rc7 19. Rxc7 Qxc7 20. Rc1 Qb8 21. Rd1 Bxe3 22. Qxe3 Nb6 23. b3 h6 24. Rd6 Nd7 25. Qd2 Qc7 26. Qc3 Qxc3 27. Nxc3 Nf6 28. b4 Re8 29. Bc6 Rf8 30. a3 Bh3 31. Bb7 Rb8 32. Bxa6 Ne8 33. Rc6 Bd7 34. Rc5 Nd6 35. Rc7 Bh3 36. Rc6 Nc4 37. a4 Na3 38. Nxb5 Rd8 39. Rd6 1-0

[Event "Fagernes GM Swiss 2020"]
[Site "Fagernes"]
[Date "2020.10.04"]
[Round "1.9"]
[White "Grover, Sigurd Loe"]
[Black "Starostits, Ilmars"]
[Result "0-1"]
[ECO "D11"]
[WhiteElo "2145"]
[BlackElo "2464"]
[Annotator "ChessBase"]
[PlyCount "68"]
[EventDate "2020.10.04"]
[EventType "swiss"]
[EventCountry "NOR"]
[SourceTitle "playchess.com"]
[Source "ChessBase"]
[SourceQuality "1"]
[TimeControl "40/6000+30:2400+30"]

1. d4 d5 2. Nf3 c6 3. c4 dxc4 4. e3 Be6 5. Be2 Nf6 6. O-O g6 7. Ng5 Bd5 8. f3 h6 9. Nh3 Bg7 10. e4 Be6 11. Nf4 Bc8 12. Bxc4 b5 13. Bb3 Nh5 14. d5 Nxf4 15. Bxf4 Bxb2 16. Nd2 Bb7 17. dxc6 Bd4+ 18. Kh1 Nxc6 19. a4 b4 20. Nc4 e5 21. Bd2 Bxa1 22. Qxa1 Qd3 23. Nxe5 Qxd2 24. Bxf7+ Ke7 25. Nxc6+ Bxc6 26. Qg7 Kd6 27. Bb3 Kc5 28. Rd1 Qc3 29. Qc7 Qxb3 30. Rd5+ Qxd5 31. Qa5+ Kc4 32. exd5 Rhd8 33. Qa6+ Kxd5 34. h3 Rab8 0-1

[Event "Fagernes GM Swiss 2020"]
[Site "Fagernes"]
[Date "2020.10.04"]
[Round "1.10"]
[White "Elsness, Frode"]
[Black "Bjerke, Richard"]
[Result "1-0"]
[ECO "E15"]
[WhiteElo "2454"]
[BlackElo "2144"]
[Annotator "ChessBase"]
[PlyCount "59"]
[EventDate "2020.10.04"]
[EventType "swiss"]
[EventCountry "NOR"]
[SourceTitle "playchess.com"]
[Source "ChessBase"]
[SourceQuality "1"]
[TimeControl "40/6000+30:2400+30"]

1. d4 Nf6 2. c4 e6 3. Nf3 b6 4. g3 Ba6 5. b3 Bb4+ 6. Bd2 Be7 7. Bg2 d5 8. O-O O-O 9. cxd5 exd5 10. Nc3 Bb7 11. Rc1 Na6 12. Bf4 c5 13. Ne5 Nc7 14. dxc5 bxc5 15. Na4 Ne6 16. Nd3 Rc8 17. Be5 Nd7 18. Bc3 Bc6 19. Nab2 d4 20. Bxc6 dxc3 21. Bxd7 cxb2 22. Nxb2 Bg5 23. e3 Bf6 24. Bxc8 Qxc8 25. Nc4 Qc6 26. f4 g6 27. Qf3 Qa6 28. Rf2 h5 29. Rd1 Be7 30. Rd7 1-0

[Event "Fagernes GM Swiss 2020"]
[Site "Fagernes"]
[Date "2020.10.04"]
[Round "1.11"]
[White "Holleland, Sigve"]
[Black "Kaasen, Tor Fredrik"]
[Result "1/2-1/2"]
[ECO "A65"]
[WhiteElo "2133"]
[BlackElo "2386"]
[Annotator "ChessBase"]
[PlyCount "93"]
[EventDate "2020.10.04"]
[EventType "swiss"]
[EventCountry "NOR"]
[SourceTitle "playchess.com"]
[Source "ChessBase"]
[SourceQuality "1"]
[TimeControl "40/6000+30:2400+30"]

1. d4 Nf6 2. c4 g6 3. Nc3 Bg7 4. e4 d6 5. h3 O-O 6. Bg5 c5 7. d5 e6 8. Nf3 exd5 9. cxd5 Re8 10. Bd3 c4 11. Bc2 Nbd7 12. O-O Nc5 13. Nd2 b6 14. f4 h6 15. Bh4 Ba6 16. e5 dxe5 17. fxe5 Rxe5 18. Qf3 g5 19. Bf2 Rxd5 20. Nxd5 Qxd5 21. Bxc5 Qxf3 22. Rxf3 bxc5 23. Ra3 Bc8 24. Nxc4 Be6 25. Bd3 Nd5 26. Rd1 Nb4 27. Bf1 Nc2 28. Rb3 a5 29. Rd2 Bd4+ 30. Kh1 Nb4 31. a3 Nd5 32. Rb5 Ne3 33. Nxe3 Bxe3 34. Rd1 a4 35. Bd3 Bb3 36. Re1 Bd4 37. Re2 Rd8 38. Ra5 Bxb2 39. Rxb2 Rxd3 40. Rxc5 Rd1+ 41. Kh2 Ra1 42. Ra5 Kg7 43. h4 gxh4 44. Kh3 Rh1+ 45. Kg4 Rh2 46. Rb5 Kg6 47. Rb6+ 1/2-1/2

[Event "Fagernes GM Swiss 2020"]
[Site "Fagernes"]
[Date "2020.10.04"]
[Round "1.12"]
[White "Hobber, Anders"]
[Black "Bentsen, Hakon"]
[Result "1-0"]
[ECO "D02"]
[WhiteElo "2386"]
[BlackElo "2120"]
[Annotator "ChessBase"]
[PlyCount "81"]
[EventDate "2020.10.04"]
[EventType "swiss"]
[EventCountry "NOR"]
[SourceTitle "playchess.com"]
[Source "ChessBase"]
[SourceQuality "1"]
[TimeControl "40/6000+30:2400+30"]

1. d4 Nf6 2. Nf3 d5 3. Bf4 e6 4. e3 Bd6 5. Bg3 O-O 6. Nbd2 c5 7. c3 Nc6 8. Bd3 Re8 9. Ne5 Qc7 10. f4 Ne7 11. Bf2 Ng6 12. Qf3 c4 13. Bc2 b5 14. a3 a5 15. h4 Rb8 16. h5 Nf8 17. g4 b4 18. axb4 axb4 19. g5 N6d7 20. g6 f5 21. gxh7+ Kxh7 22. h6 g6 23. Qd1 Nxe5 24. dxe5 Be7 25. Qe2 b3 26. Bd1 Bb7 27. Nf3 Ra8 28. Rxa8 Rxa8 29. Bh4 Kh8 30. h7 Ra1 31. Ng5 Bxg5 32. Bxg5 Nxh7 33. Bf6+ Kg8 34. Qg2 Qf7 35. Rh6 g5 36. Qxg5+ Kf8 37. Qh4 Qg8 38. Bg5 Nxg5 39. fxg5 d4 40. Rh8 dxc3 41. Qh6+ 1-0

[Event "Fagernes GM Swiss 2020"]
[Site "Fagernes"]
[Date "2020.10.04"]
[Round "1.13"]
[White "Skotheim, Andreas"]
[Black "Galinsky, Timofey"]
[Result "1/2-1/2"]
[ECO "B07"]
[WhiteElo "2120"]
[BlackElo "2370"]
[Annotator "ChessBase"]
[PlyCount "122"]
[EventDate "2020.10.04"]
[EventType "swiss"]
[EventCountry "NOR"]
[SourceTitle "playchess.com"]
[Source "ChessBase"]
[SourceQuality "1"]
[TimeControl "40/6000+30:2400+30"]

1. e4 d6 2. d4 Nf6 3. Nc3 c6 4. Nf3 Bg4 5. Be2 Nbd7 6. a4 h6 7. O-O e5 8. Re1 Be7 9. b3 O-O 10. Bb2 Re8 11. h3 Bh5 12. dxe5 dxe5 13. Nd2 Bg6 14. Bf3 Qc7 15. Qe2 a6 16. Na2 b5 17. Nc1 Nc5 18. Nd3 Nxd3 19. Qxd3 Rad8 20. Qe2 Nd7 21. Nf1 Nc5 22. axb5 axb5 23. Qe3 Ne6 24. Qa7 Qxa7 25. Rxa7 Bb4 26. Rea1 Ng5 27. Rc7 Nxf3+ 28. gxf3 Re6 29. Ra6 Bh5 30. Kg2 Rf6 31. Bxe5 Rxf3 32. Raxc6 Be1 33. Bg3 b4 34. Rc8 Rxc8 35. Rxc8+ Kh7 36. Rc5 g5 37. Ne3 Rf6 38. Ng4 Bxg4 39. hxg4 Re6 40. Kf3 Kg6 41. Be5 f6 42. Bd4 Bd2 43. Rc4 h5 44. gxh5+ Kxh5 45. Ke2 Bc1 46. Kd3 Ba3 47. f3 Kh4 48. Rc5 Kg3 49. Rf5 Rd6 50. Kc4 Rc6+ 51. Bc5 Bc1 52. Kd3 Bf4 53. Ke2 Be5 54. Bxb4 Rxc2+ 55. Kd3 Rc1 56. Bd2 Rb1 57. b4 Rb3+ 58. Ke2 Rb2 59. Kd3 Rb3+ 60. Ke2 Rb2 61. Kd3 Rb3+ 1/2-1/2

[Event "Fagernes GM Swiss 2020"]
[Site "Fagernes"]
[Date "2020.10.04"]
[Round "1.14"]
[White "Vestby-Ellingsen, Mads"]
[Black "Mansoor, Afras"]
[Result "1/2-1/2"]
[ECO "C45"]
[WhiteElo "2362"]
[BlackElo "2117"]
[Annotator "ChessBase"]
[PlyCount "213"]
[EventDate "2020.10.04"]
[EventType "swiss"]
[EventCountry "NOR"]
[SourceTitle "playchess.com"]
[Source "ChessBase"]
[SourceQuality "1"]
[TimeControl "40/6000+30:2400+30"]

1. e4 e5 2. Nf3 Nc6 3. d4 exd4 4. Nxd4 Nf6 5. Nxc6 bxc6 6. Nd2 Bc5 7. Bd3 d5 8. c4 O-O 9. O-O Re8 10. exd5 cxd5 11. Nb3 Bf8 12. Bg5 h6 13. Bh4 a5 14. Qc2 a4 15. Nd2 Bb7 16. c5 Ra5 17. b4 axb3 18. Nxb3 Ra4 19. Bxf6 Qxf6 20. Bb5 Rc4 21. Bxc4 dxc4 22. Qxc4 Re4 23. Qd3 Rf4 24. Qe3 Bd5 25. Rad1 c6 26. Rxd5 cxd5 27. Qd2 Ra4 28. g3 Qc6 29. Rd1 Bxc5 30. Qxd5 Qxd5 31. Rxd5 Bb6 32. Rd2 g5 33. h3 Kg7 34. Kf1 h5 35. f3 Ba7 36. g4 hxg4 37. hxg4 Kf6 38. Rc2 Ke5 39. Nd2 f5 40. gxf5 Kxf5 41. Ke2 Ke5 42. a3 Kd5 43. Rc3 Bc5 44. Ne4 Be7 45. Re3 Kc6 46. Kf1 Rxa3 47. Rxa3 Bxa3 48. Nxg5 Kd5 49. Kf2 Ke5 50. Ne4 Kf4 51. Kg2 Bb4 52. Nf2 Ba3 53. Nd3+ Kf5 54. Kf2 Bf8 55. Ke3 Bh6+ 56. Ke2 Bf8 57. Ne1 Be7 58. Nc2 Bc5 59. Na1 Ba7 60. Nb3 Bb6 61. Nd2 Ba7 62. Ne4 Bb8 63. Nc3 Ba7 64. Nb5 Bc5 65. Nc3 Ba7 66. Nd5 Bc5 67. Kd3 Ba7 68. Ne7+ Kf4 69. Ke2 Bg1 70. Nd5+ Kf5 71. Kf1 Ba7 72. Kg2 Bb8 73. Ne7+ Kf4 74. Nc6 Bd6 75. Nd4 Bb8 76. Ne2+ Kf5 77. Nc3 Ba7 78. Ne4 Bb8 79. Nf2 Ba7 80. Nd3 Bb8 81. Nb4 Ba7 82. Nc6 Bc5 83. Na5 Ba7 84. Nc4 Bc5 85. Nd2 Ba7 86. Nf1 Kf4 87. Ng3 Bb8 88. Ne2+ Kf5 89. Ng3+ Bxg3 90. Kxg3 Kg5 91. Kg2 Kf4 92. Kf2 Kf5 93. Ke3 Ke5 94. f4+ Kf5 95. Kf3 Kf6 96. Ke4 Ke6 97. f5+ Kf6 98. Kf4 Kf7 99. Ke5 Ke7 100. Ke4 Kf6 101. Kf4 Kf7 102. Kg5 Kg7 103. f6+ Kf7 104. Kf5 Kf8 105. Ke6 Ke8 106. f7+ Kf8 107. Kf6 1/2-1/2

[Event "Fagernes GM Swiss 2020"]
[Site "Fagernes"]
[Date "2020.10.04"]
[Round "1.15"]
[White "Fuglestein, Sander"]
[Black "Abdrlauf, Elham"]
[Result "0-1"]
[ECO "E11"]
[WhiteElo "2109"]
[BlackElo "2362"]
[Annotator "ChessBase"]
[PlyCount "80"]
[EventDate "2020.10.04"]
[EventType "swiss"]
[EventCountry "NOR"]
[SourceTitle "playchess.com"]
[Source "ChessBase"]
[SourceQuality "1"]
[TimeControl "40/6000+30:2400+30"]

1. d4 Nf6 2. c4 e6 3. g3 d5 4. Nf3 Bb4+ 5. Bd2 Be7 6. Bg2 Nbd7 7. Qc2 c6 8. O-O Ne4 9. Nc3 Nxd2 10. Nxd2 O-O 11. b3 Nf6 12. Rad1 b5 13. cxb5 cxb5 14. Nxb5 Qb6 15. Nc3 Ba6 16. Ndb1 Rac8 17. Qb2 Rc7 18. Na4 Qa5 19. Rc1 Rfc8 20. Rxc7 Qxc7 21. Nbc3 Bb4 22. Rc1 Qe7 23. Rc2 Ba3 24. Qb1 Qb4 25. Qd1 Qa5 26. e3 Ne4 27. Bxe4 dxe4 28. Nc5 Bxc5 29. dxc5 Bd3 30. Rc1 Rxc5 31. Na4 Rxc1 32. Qxc1 h5 33. Qd1 h4 34. Nb2 Qc3 35. Nc4 h3 36. Nd2 g6 37. Nf1 Qb2 38. a4 a5 39. Nd2 Qc3 40. Qe1 Qc2 0-1

[Event "Fagernes GM Swiss 2020"]
[Site "Fagernes"]
[Date "2020.10.04"]
[Round "1.16"]
[White "Ranaldi, Lucas"]
[Black "Machlik, Monika"]
[Result "1-0"]
[ECO "A20"]
[WhiteElo "2334"]
[BlackElo "2082"]
[Annotator "ChessBase"]
[PlyCount "93"]
[EventDate "2020.10.04"]
[EventType "swiss"]
[EventCountry "NOR"]
[SourceTitle "playchess.com"]
[Source "ChessBase"]
[SourceQuality "1"]
[TimeControl "40/6000+30:2400+30"]

1. c4 e5 2. g3 Nf6 3. Bg2 d5 4. cxd5 Nxd5 5. Nf3 Nc6 6. O-O Nb6 7. b3 Be7 8. Bb2 f6 9. Qc1 Be6 10. Rd1 O-O 11. Nc3 Qc8 12. d4 Nxd4 13. Nxd4 exd4 14. Rxd4 c6 15. Qf4 Bc5 16. Rd3 Rd8 17. Rad1 Rxd3 18. Rxd3 Qf8 19. Qh4 Bf5 20. e4 Bg6 21. Qg4 Rd8 22. Rxd8 Qxd8 23. Qe2 Qd6 24. Bf3 Bf7 25. Kg2 a5 26. Qc2 Bd4 27. Qd2 Bc5 28. Qc1 Bg6 29. h4 h5 30. Ne2 Nd7 31. Nf4 Kh7 32. Nxh5 Bxh5 33. Bxh5 Ne5 34. Be2 Bb6 35. Qc2 Kh8 36. h5 Nf7 37. Bc1 Qe7 38. Bg4 Nd6 39. Bf3 Nb5 40. h6 Nd4 41. hxg7+ Kxg7 42. Qd2 Nxf3 43. Qh6+ Kg8 44. Kxf3 Qd6 45. Qg6+ Kh8 46. Bh6 Qe7 47. e5 1-0

[Event "Fagernes GM Swiss 2020"]
[Site "Fagernes"]
[Date "2020.10.04"]
[Round "1.17"]
[White "Oye-Stromberg, Alexander"]
[Black "Lund, Gunnar"]
[Result "0-1"]
[ECO "B08"]
[WhiteElo "2048"]
[BlackElo "2302"]
[Annotator "ChessBase"]
[PlyCount "82"]
[EventDate "2020.10.04"]
[EventType "swiss"]
[EventCountry "NOR"]
[SourceTitle "playchess.com"]
[Source "ChessBase"]
[SourceQuality "1"]
[TimeControl "40/6000+30:2400+30"]

1. e4 d6 2. Nf3 Nf6 3. Nc3 g6 4. d4 Bg7 5. Be2 O-O 6. h3 c6 7. Bf4 b5 8. e5 Ne8 9. Qd2 Nd7 10. h4 c5 11. dxc5 b4 12. Nb5 a6 13. c6 axb5 14. cxd7 Qxd7 15. h5 dxe5 16. Qxd7 Bxd7 17. Nxe5 Be6 18. Nc6 f5 19. hxg6 hxg6 20. Be5 Bxe5 21. Nxe5 Kg7 22. Nc6 b3 23. cxb3 Bxb3 24. Nd4 Bd5 25. Bf3 Bxf3 26. Ne6+ Kf7 27. Nxf8 Bxg2 28. Rg1 Kxf8 29. Rxg2 Kf7 30. Rg3 Nd6 31. Ra3 Rh8 32. Ke2 g5 33. Rd1 g4 34. Rad3 Rh2 35. Kf1 Ne4 36. f3 Rf2+ 37. Kg1 gxf3 38. Rc1 Rg2+ 39. Kf1 Ng3+ 40. Ke1 f2+ 41. Kd1 f1=R# 0-1

[Event "Fagernes GM Swiss 2020"]
[Site "Fagernes"]
[Date "2020.10.04"]
[Round "1.18"]
[White "Vitenberg, Noam Aviv"]
[Black "Krivenko, Dion"]
[Result "1-0"]
[ECO "E91"]
[WhiteElo "2298"]
[BlackElo "2047"]
[Annotator "ChessBase"]
[PlyCount "140"]
[EventDate "2020.10.04"]
[EventType "swiss"]
[EventCountry "NOR"]
[SourceTitle "playchess.com"]
[Source "ChessBase"]
[SourceQuality "1"]
[TimeControl "40/6000+30:2400+30"]

1. Nf3 Nf6 2. c4 g6 3. Nc3 Bg7 4. e4 d6 5. d4 O-O 6. Be2 Nbd7 7. Be3 Ng4 8. Bd2 c5 9. d5 Re8 10. O-O Nge5 11. Ne1 Nb6 12. b3 e6 13. Rc1 exd5 14. exd5 Qh4 15. Nb5 Qe7 16. f4 a6 17. Nxd6 Qxd6 18. fxe5 Qxe5 19. Rf2 Bf5 20. Bd3 Bxd3 21. Nxd3 Qe7 22. Bc3 Bxc3 23. Rxc3 Nd7 24. Rcc2 Qd6 25. Rce2 Rad8 26. Qe1 Qf8 27. h4 h5 28. Nf4 Rxe2 29. Rxe2 Nf6 30. Nd3 Ng4 31. Ne5 Nxe5 32. Rxe5 Qd6 33. Qg3 Qf6 34. Kh2 Kg7 35. Re4 Qd6 36. Qxd6 Rxd6 37. Re7 b6 38. Kg3 Kf6 39. Rc7 Ke5 40. Rxf7 b5 41. Rf4 bxc4 42. bxc4 Rb6 43. Kf3 Rb4 44. g4 hxg4+ 45. Rxg4 Kf6 46. Re4 Kf5 47. Rf4+ Ke5 48. Re4+ Kf5 49. Rf4+ Ke5 50. Kg4 Rb2 51. Kg5 Rxa2 52. Rg4 Rb2 53. Kxg6 Rb6+ 54. Kg5 Rb8 55. h5 Rg8+ 56. Kh4 Rh8 57. Rg6 Kd4 58. d6 Kxc4 59. d7 Kd5 60. h6 c4 61. Kg4 c3 62. h7 Rd8 63. Rg8 c2 64. h8=Q c1=Q 65. Qh5+ Kd6 66. Rxd8 Qg1+ 67. Kf5 Qb1+ 68. Kf6 Qa1+ 69. Kg6 Qb1+ 70. Kf7 Qa2+ 1-0

[Event "Fagernes GM Swiss 2020"]
[Site "Fagernes"]
[Date "2020.10.04"]
[Round "1.19"]
[White "Sorensen, Simen"]
[Black "Carlsson, Ludvig"]
[Result "0-1"]
[ECO "D45"]
[WhiteElo "2047"]
[BlackElo "2281"]
[Annotator "ChessBase"]
[PlyCount "112"]
[EventDate "2020.10.04"]
[EventType "swiss"]
[EventCountry "NOR"]
[SourceTitle "playchess.com"]
[Source "ChessBase"]
[SourceQuality "1"]
[TimeControl "40/6000+30:2400+30"]

1. d4 Nf6 2. c4 e6 3. Nf3 d5 4. Nc3 c6 5. e3 Nbd7 6. Qc2 Bd6 7. b3 O-O 8. Bb2 e5 9. cxd5 cxd5 10. dxe5 Nxe5 11. Be2 Be6 12. O-O Rc8 13. Qd1 a6 14. Rc1 Qe7 15. Nxe5 Bxe5 16. Bf3 Rc6 17. Qe2 Qc7 18. Na4 Bxh2+ 19. Kh1 Bd6 20. Rxc6 Qxc6 21. Rc1 Qb5 22. Qxb5 axb5 23. Nc5 Rb8 24. Bxf6 gxf6 25. Nd3 Kf8 26. g3 Ra8 27. Rc2 Ke7 28. Kg2 Bf5 29. Rd2 Be4 30. Bxe4 dxe4 31. Nf4 Bxf4 32. exf4 Ke6 33. Kh3 f5 34. Kh4 Rc8 35. Kg5 Rc1 36. Kh6 Rh1+ 37. Kg7 Rh2 38. a4 h5 39. Rc2 h4 40. gxh4 bxa4 41. bxa4 Rxh4 42. Rb2 Rg4+ 43. Kh6 Rxf4 44. Kg5 Rg4+ 45. Kh5 Rg2 46. a5 Ke5 47. Kh4 f6 48. Rxb7 Kf4 49. Kh3 Rxf2 50. a6 Ra2 51. a7 e3 52. Re7 Kf3 53. Rf7 e2 54. Rxf6 f4 55. Re6 Rxa7 56. Kh2 Ra1 0-1

[Event "Fagernes GM Swiss 2020"]
[Site "Fagernes"]
[Date "2020.10.04"]
[Round "1.20"]
[White "Ingebretsen, Jens E"]
[Black "Eliseev, Sergey"]
[Result "1-0"]
[ECO "A30"]
[WhiteElo "2220"]
[BlackElo "2025"]
[Annotator "ChessBase"]
[PlyCount "99"]
[EventDate "2020.10.04"]
[EventType "swiss"]
[EventCountry "NOR"]
[SourceTitle "playchess.com"]
[Source "ChessBase"]
[SourceQuality "1"]
[TimeControl "40/6000+30:2400+30"]

1. c4 c5 2. Nf3 g6 3. e3 Bg7 4. d4 cxd4 5. exd4 d5 6. Nc3 Bg4 7. cxd5 Nd7 8. Be2 Nh6 9. Bxh6 Bxh6 10. O-O O-O 11. h3 Bxf3 12. Bxf3 Nb6 13. Qb3 Qc7 14. Rfe1 a6 15. Re2 Bg7 16. Rae1 Bxd4 17. Rxe7 Qc5 18. R7e2 Qc4 19. Rd1 Rac8 20. Qxc4 Rxc4 21. Ne4 Bg7 22. b3 Rcc8 23. Nd6 Rc7 24. Ne8 Rd7 25. d6 f5 26. Nc7 Rfd8 27. Re7 Bf8 28. Nd5 Nxd5 29. Bxd5+ Kh8 30. Rxd7 Rxd7 31. Bxb7 a5 32. Rd5 Rxd6 33. Rxa5 Rd1+ 34. Kh2 Rd2 35. Kg3 Rd3+ 36. f3 Bd6+ 37. Kf2 Rd2+ 38. Kf1 Bg3 39. Ba6 Rd1+ 40. Ke2 Rg1 41. Bc4 Rxg2+ 42. Ke3 Bf2+ 43. Kd3 Rg3 44. Ke2 Bb6 45. Ra8+ Kg7 46. a4 Rg2+ 47. Kd3 Ra2 48. Bd5 f4 49. b4 Be3 50. Bxa2 1-0

[Event "Fagernes GM Swiss 2020"]
[Site "Fagernes"]
[Date "2020.10.04"]
[Round "1.21"]
[White "Kvendseth, Thyra"]
[Black "Nielsen, Andre"]
[Result "0-1"]
[ECO "E63"]
[WhiteElo "2017"]
[BlackElo "2218"]
[Annotator "ChessBase"]
[PlyCount "62"]
[EventDate "2020.10.04"]
[EventType "swiss"]
[EventCountry "NOR"]
[SourceTitle "playchess.com"]
[Source "ChessBase"]
[SourceQuality "1"]
[TimeControl "40/6000+30:2400+30"]

1. Nf3 Nf6 2. g3 g6 3. Bg2 Bg7 4. O-O O-O 5. d4 d6 6. c4 Nc6 7. Nc3 a6 8. e4 Bg4 9. Be3 Re8 10. Qd2 e5 11. d5 Bxf3 12. Bxf3 Nd4 13. Bg2 c5 14. dxc6 bxc6 15. b4 Ng4 16. Rfd1 Nxe3 17. fxe3 Ne6 18. Rab1 Bh6 19. Na4 Qg5 20. Qf2 Qxe3 21. Rxd6 Qa3 22. Qc2 Nd4 23. Qd1 Rad8 24. Rxd8 Rxd8 25. Kh1 Qxa2 26. Nc5 Qxc4 27. Bf1 Qa2 28. Bxa6 Nf3 29. Qxf3 Qxb1+ 30. Bf1 Qxb4 31. Nd3 Qd4 0-1